 Dungeon Crawl Stone Soup version 0.21-a0-536-gdbbf329 (webtiles) character file.

1365 teukkam the Thaumaturge (level 8, -5/58 HPs)
             Began as a Gnoll Wanderer on Dec 13, 2017.
             Was a Follower of Sif Muna.
             Slain by a wolf (9 damage)
             ... on level 10 of the Dungeon on Dec 14, 2017.
             The game lasted 00:39:07 (5875 turns).

teukkam the Thaumaturge (Gnoll Wanderer)            Turns: 5875, Time: 00:39:08

Health: -5/58      AC:  9    Str: 10    XL:     8   Next: 65%
Magic:  13/23      EV: 13    Int: 20    God:    Sif Muna [*.....]
Gold:   152        SH:  0    Dex: 16    Spells: 13/30 levels left

rFire    + . .     SeeInvis .   b - staff of wizardry
rCold    . . .     Gourm    .   (no shield)
rNeg     . . .     Faith    +   k - +0 leather armour
rPois    .         Spirit   .   (helmet restricted)
rElec    .         Reflect  .   (no cloak)
rCorr    .         Harm     .   B - +0 pair of gloves
MR       .....                  (no boots)
Stlth    ++++......             C - amulet of faith
HPRegen  0.19/turn              m - +5 ring of protection
MPRegen  0.18/turn              q - ring of protection from fire

@: no status effects
A: distributed training, fangs 1, horns 1, camouflage 1, strong nose
a: Divine Energy, Renounce Religion


You were on level 10 of the Dungeon.
You worshipped Sif Muna.
Sif Muna was aware of your devotion.
You were not hungry.

You visited 1 branch of the dungeon, and saw 9 of its levels.

You collected 299 gold pieces.
You spent 147 gold pieces at shops.

Inventory:

Hand Weapons
 a - the +6 dagger of the Yoke {drain, rElec rF+ Dex+3}
   (You bought it in a shop on level 6 of the Dungeon)

   A truly terrible weapon, it drains the life of those it strikes.
   It affects your dexterity (+3).
   It protects you from fire.
   It insulates you from electricity.
 e - a +0 dagger
 i - a +2 dagger of flaming
 s - a +0 whip of electrocution
 t - a +0 hunting sling
 v - a +1 war axe of freezing
Missiles
 d - 55 arrows
 g - 15 poisoned needles
 n - a throwing net (quivered)
 p - 148 bolts
 u - 126 stones
Armour
 k - a +0 leather armour (worn)
 B - a +0 pair of gloves (worn)
Magical Staves
 b - an uncursed staff of wizardry (weapon)
Jewellery
 m - a +5 ring of protection (left hand)
 q - a ring of protection from fire (right hand)
 z - an uncursed ring of protection from cold
 C - an amulet of faith (around neck)
Wands
 D - a wand of acid (7)
Scrolls
 l - 3 scrolls of identify
 y - a scroll of remove curse
Potions
 h - a potion of resistance
 w - a potion of berserk rage
 A - a potion of curing
Books
 c - the Disquisition on Changing

   Spells                             Type                      Level
   a - Sticks to Snakes               Transmutation                2
   b - Passwall                       Transmutation/Earth          2
 j - a book of Minor Magic

   Spells                             Type                      Level
   a - Magic Dart                     Conjuration                  1
   b - Blink                          Translocation                2
   c - Call Imp                       Summoning                    2
   d - Slow                           Hexes                        2
   e - Conjure Flame                  Conjuration/Fire             3
   f - Mephitic Cloud                 Conjuration/Poison/Air       3
Comestibles
 f - 5 bread rations
 o - 6 meat rations
 r - 5 fruits
 x - 3 royal jellies


   Skills:
 + Level 3.4 Fighting
 + Level 3.4 Short Blades
 + Level 3.4 Long Blades
 + Level 3.4 Axes
 + Level 3.4 Maces & Flails
 + Level 3.4 Polearms
 + Level 3.4 Staves
 + Level 3.4 Slings
 + Level 3.4 Bows
 + Level 3.4 Crossbows
 + Level 3.4 Throwing
 + Level 3.4 Armour
 + Level 3.4 Dodging
 + Level 4.2 Stealth
 + Level 3.4 Shields
 + Level 3.4 Unarmed Combat
 + Level 11.6 Spellcasting
 + Level 2.7 Conjurations
 + Level 2.7 Hexes
 + Level 3.5 Charms
 + Level 2.7 Summonings
 + Level 3.5 Necromancy
 + Level 2.7 Translocations
 + Level 3.5 Transmutations
 + Level 2.7 Fire Magic
 + Level 2.7 Ice Magic
 + Level 2.7 Air Magic
 + Level 2.7 Earth Magic
 + Level 2.7 Poison Magic
 + Level 3.7 Invocations
 + Level 4.3 Evocations


You had 13 spell levels left.
You knew the following spells:

 Your Spells              Type           Power        Failure   Level  Hunger
a - Magic Dart            Conj           ###.         1%          1    None
b - Passwall              Tmut/Erth      ###.......   1%          2    None
c - Blink                 Tloc           N/A          1%          2    None
d - Call Imp              Summ           ###.....     1%          2    None
e - Conjure Flame         Conj/Fire      ###.....     3%          3    None
f - Mephitic Cloud        Conj/Pois/Air  ###.....     3%          3    None
g - Sticks to Snakes      Tmut           ####....     1%          2    None
h - Slow                  Hex            ###.....     1%          2    None


Dungeon Overview and Level Annotations

Branches:
Dungeon (10/15)            Temple (0/1) D:6            Lair (0/6) D:10
    Orc: D:9-12

Altars:
Ashenzari
Gozag
Hepliaklqana
Makhleb
Sif Muna
Trog

Shops:
D:4 =   D:5 :   D:6 *%!

Annotations:
D:2 Terence
D:3 brew9's ghost, amateur SpAs
D:4 Pikel


Innate Abilities, Weirdness & Mutations

Your experience applies equally to all skills.
You have very sharp teeth.
Your uncanny sense of smell can sniff out nearby items.
You have a pair of small horns on your head.
Your skin changes colour to match your surroundings (Stealth+).


Message History

* * * LOW HITPOINT WARNING * * *
Found a scroll of remove curse and a gold wand.
A wolf and a wyvern come into view.
The wyvern hisses angrily.
The wolf bites the plant but does no damage.
The wolf bites the plant!
Okay, then.
Okay, then.
Casting: Blink
Confirm with . or Enter, or press ? or * to list all spells.
You blink.
The iguana hisses angrily.
The wolf howls!
Something hits the plant but does no damage.
The wyvern bites you!
* * * LOW HITPOINT WARNING * * *
The iguana bites you but does no damage.
The wyvern bites you.
* * * LOW HITPOINT WARNING * * *
The wolf bites you!
You die...

.# ########.### #..........#
#..........# #..........#
####...../..?.# #.............###
#..@ll.....#. #..hh.h......
#...th.....# #####.....###
##.♣..h..t.## ##PP..ZhPr♣..## ##.
+######## ###....P..h.....##...
......!>####.........s.......+###
........'...Y...P..P.......P.....


You could see 2 crocodiles, a wyvern, 6 wolves, a scorpion, an iguana, a
porcupine, a hound and a bullfrog skeleton.

Vanquished Creatures
  Menkaure (D:4)
  Duvessa (D:6)
  A phantom (D:7)
  2 sky beasts
  2 bullfrogs (D:6)
  A scorpion (D:6)
  2 crimson imps (D:5)
  A hound (D:5)
  A jelly (D:6)
  An orc wizard (D:4)
  An iguana (D:5)
  4 worker ants
  A howler monkey zombie (D:7)
  5 adders
  6 gnolls
  A shadow imp (D:10)
  An ooze (D:1)
  A worm (D:6)
  A dart slug (D:3)
  3 leopard geckos
  5 orcs
  3 ball pythons
  10 giant cockroaches
  3 goblins
  A hobgoblin (D:1)
  3 quokkas
  6 bats
  3 frilled lizards
  2 kobolds (D:2)
  A rat (D:4)
74 creatures vanquished.

Vanquished Creatures (collateral kills)
  A water moccasin (D:6)
  An ogre (D:9)
  An ice beast (D:5)
  A slave (D:4)
  Dowan (D:6)
  A crimson imp (D:5)
  An iguana (D:5)
  A worker ant (D:5)
  3 gnolls (D:5)
  A shadow imp (D:5)
12 creatures vanquished.

Vanquished Creatures (others)
  4 plants (D:10)
4 creatures vanquished.

Grand Total: 90 creatures vanquished

Notes
Turn   | Place    | Note
-------+----------+-------------------------------------------
     0 | D:1      | Reached skill level 11 in Spellcasting
     0 | D:1      | teukkam the Gnoll Wanderer began the quest for the Orb.
     0 | D:1      | teukkam set off with: a book of Minor Magic, a scroll of teleportation, the Disquisition on Changing, a +0 robe, a +0 dagger, a bread ration
     0 | D:1      | Reached XP level 1. HP: 13/13 MP: 12/12
     0 | D:1      | Identified the Disquisition on Changing
     2 | D:1      | Learned a level 1 spell: Magic Dart
   260 | D:1      | Reached XP level 2. HP: 20/20 MP: 10/14
   267 | D:1      | Learned a level 2 spell: Passwall
   672 | D:1      | Learned a level 2 spell: Blink
   802 | D:2      | Reached XP level 3. HP: 25/25 MP: 12/15
  1142 | D:2      | Noticed Terence
  1373 | D:2      | Reached skill level 1 in Invocations
  1386 | D:2      | Found a hazy altar of Hepliaklqana.
  1386 | D:2      | Found a bloodstained altar of Trog.
  1523 | D:3      | Found an opulent altar of Gozag.
  1596 | D:4      | Found Heewn's Jewellery Boutique.
  1628 | D:4      | Reached skill level 1 in Fighting
  1628 | D:4      | Reached skill level 1 in Short Blades
  1628 | D:4      | Reached skill level 1 in Long Blades
  1628 | D:4      | Reached skill level 1 in Axes
  1628 | D:4      | Reached skill level 1 in Maces & Flails
  1628 | D:4      | Reached skill level 1 in Polearms
  1628 | D:4      | Reached skill level 1 in Staves
  1628 | D:4      | Reached skill level 1 in Slings
  1628 | D:4      | Reached skill level 1 in Bows
  1628 | D:4      | Reached skill level 1 in Crossbows
  1628 | D:4      | Reached skill level 1 in Throwing
  1628 | D:4      | Reached skill level 1 in Armour
  1628 | D:4      | Reached skill level 1 in Dodging
  1628 | D:4      | Reached skill level 1 in Shields
  1628 | D:4      | Reached skill level 1 in Unarmed Combat
  1640 | D:4      | Learned a level 2 spell: Call Imp
  1644 | D:4      | Learned a level 3 spell: Conjure Flame
  1648 | D:4      | Learned a level 3 spell: Mephitic Cloud
  1657 | D:4      | Learned a level 2 spell: Sticks to Snakes
  1660 | D:4      | Learned a level 2 spell: Slow
  1660 | D:4      | Noticed Menkaure
  1696 | D:4      | Killed Menkaure
  1696 | D:4      | Reached skill level 1 in Conjurations
  1696 | D:4      | Reached skill level 1 in Hexes
  1696 | D:4      | Reached skill level 1 in Summonings
  1696 | D:4      | Reached skill level 1 in Translocations
  1696 | D:4      | Reached skill level 1 in Fire Magic
  1696 | D:4      | Reached skill level 1 in Ice Magic
  1696 | D:4      | Reached skill level 1 in Air Magic
  1696 | D:4      | Reached skill level 1 in Earth Magic
  1696 | D:4      | Reached skill level 1 in Poison Magic
  1696 | D:4      | Reached XP level 4. HP: 6/32 MP: 7/17
  1696 | D:4      | Reached XP level 5. HP: 7/37 MP: 7/18
  2240 | D:4      | Found a shattered altar of Ashenzari.
  2342 | D:4      | Reached XP level 6. HP: 35/44 MP: 11/20
  2349 | D:4      | Noticed a slave
  2353 | D:4      | Noticed a slave
  2354 | D:4      | Noticed Pikel
  2354 | D:4      | Noticed a slave
  2357 | D:4      | Noticed a slave
  2361 | D:4      | Killed a slave
  2401 | D:5      | Entered Level 5 of the Dungeon
  2603 | D:3      | Found a deep blue altar of Sif Muna.
  2606 | D:3      | Became a worshipper of Sif Muna the Loreminder
  2765 | D:3      | Noticed brew9's ghost (amateur SpAs)
  3360 | D:5      | Found Dykul's Book Boutique.
  3409 | D:5      | Noticed an ice beast
  3423 | D:5      | Killed an ice beast
  3453 | D:5      | Noticed a sky beast
  3510 | D:5      | Killed a sky beast
  3510 | D:5      | Reached XP level 7. HP: 50/50 MP: 17/21
  3929 | D:5      | Upgraded the game from 0.21-a0-531-gacddea6 to 0.21-a0-536-gdbbf329
  4122 | D:5      | Reached * piety under Sif Muna
  4353 | D:6      | Found Xeigeub's Assorted Antiques.
  4356 | D:6      | Found Plog's Distillery.
  4360 | D:6      | Bought a dazzling dagger for 147 gold pieces
  4360 | D:6      | Identified the +6 dagger of the Yoke {drain, rElec rF+ Dex+3} (You bought it in a shop on level 6 of the Dungeon)
  4574 | D:6      | Found a staircase to the Ecumenical Temple.
  4583 | D:6      | Noticed Duvessa
  4583 | D:6      | Noticed Dowan
  4608 | D:6      | Killed Dowan
  4645 | D:6      | Killed Duvessa
  4645 | D:6      | Reached XP level 8. HP: 52/57 MP: 0/23
  4814 | D:6      | Found a burning altar of Makhleb.
  4944 | D:6      | Gained mutation: Your skin changes colour to match your surroundings (Stealth+). [mutagenic meat]
  4945 | D:6      | Gained mutation: You have a pair of small horns on your head. [mutagenic meat]
  5106 | D:6      | Found Raded's Food Shop.
  5188 | D:6      | Found a bloodstained altar of Trog.
  5583 | D:7      | You fall through a shaft for 2 floors!
  5589 | D:9      | Noticed a wyvern
  5626 | D:10     | Entered Level 10 of the Dungeon
  5862 | D:10     | Found a staircase to the Lair.
  5872 | D:10     | Noticed a wyvern
  5875 | D:10     | Slain by a wolf

Vault maps used:
D:1:      dpeg_arrival_tiny_g, supply_closet_lemuel
D:2:      gammafunk_temple_overflow_wave, uniq_terence
D:3:      lemuel_round_altar, lemuel_blue_sif_altar,
          nicolae_gozag_cash_rules_everything_around_me, uniq_sigmund
D:4:      lemuel_doored_altar, hangedman_ru_absence, serial_shops, shop,
          first_bread, uniq_menkaure, uniq_pikel, uniq_grinder
D:5:      serial_shops, kennysheep_mini
D:6:      lemuel_crystal_altar, minmay_temple_entry_hall, serial_shops,
          shop_fountains, shop, shop, minmay_misc_feat_enclosed, trog_book,
          uniq_duvessa
D:7:      kennysheep_generic_room_14, uniq_joseph
D:9:      serial_shops, nicolae_shop_behind_doors
D:10:     minmay_lair_entry_grove

Skill      XL: |  1  2  3  4  5  6  7  8 |
---------------+-------------------------+-----
Spellcasting   | | 11.6
Charms         | 2 3 |  3.5
Necromancy     | 2 3 |  3.5
Transmutations | 2 3 |  3.5
Invocations    | 1 2 3 |  3.7
Fighting       | 1 2 3 |  3.4
Short Blades   | 1 2 3 |  3.4
Long Blades    | 1 2 3 |  3.4
Axes           | 1 2 3 |  3.4
Maces & Flails | 1 2 3 |  3.4
Polearms       | 1 2 3 |  3.4
Staves         | 1 2 3 |  3.4
Slings         | 1 2 3 |  3.4
Bows           | 1 2 3 |  3.4
Crossbows      | 1 2 3 |  3.4
Throwing       | 1 2 3 |  3.4
Armour         | 1 2 3 |  3.4
Dodging        | 1 2 3 |  3.4
Shields        | 1 2 3 |  3.4
Unarmed Combat | 1 2 3 |  3.4
Conjurations   | 1 2 |  2.7
Hexes          | 1 2 |  2.7
Summonings     | 1 2 |  2.7
Translocations | 1 2 |  2.7
Fire Magic     | 1 2 |  2.7
Ice Magic      | 1 2 |  2.7
Air Magic      | 1 2 |  2.7
Earth Magic    | 1 2 |  2.7
Poison Magic   | 1 2 |  2.7
Evocations     | 3 4 |  4.3
Stealth        | 3 4 |  4.2

Action                   |  1- 3 |  4- 6 |  7- 9 || total
-------------------------+-------+-------+-------++-------
Melee: Whip              |    27 |       |       ||    27
       Dagger            |     3 |       |    50 ||    53
       Bite              |     2 |     4 |     8 ||    14
       Staff             |    10 |    39 |    30 ||    79
       Headbutt          |       |       |     7 ||     7
       Punch             |       |       |     1 ||     1
Throw: Throwing net      |     1 |     1 |     2 ||     4
 Cast: Magic Dart        |    50 |    74 |   107 ||   231
       Passwall          |     7 |     5 |     9 ||    21
       Blink             |     3 |    19 |    28 ||    50
       Call Imp          |     2 |    12 |    11 ||    25
       Conjure Flame     |     1 |     2 |     4 ||     7
       Mephitic Cloud    |       |       |     5 ||     5
       Sticks to Snakes  |       |       |     2 ||     2
  Use: Scroll            |     4 |     3 |       ||     7
       Potion            |     2 |       |     4 ||     6
 Stab: Sleeping          |     4 |       |     4 ||     8
       Distracted        |       |     1 |       ||     1
  Eat: Chunk             |     2 |     5 |     7 ||    14
       Fruit             |       |     1 |     2 ||     3
       Bread ration      |       |       |     1 ||     1
Armor: Robe              |    12 |    12 |       ||    24
       Leather armour    |     9 |    19 |    43 ||    71
Dodge: Dodged            |    46 |    41 |    81 ||   168

Table legend:
 A = Spawn XP
 B = Non-spawn XP
 C = Spawn XP percentage of total XP
 D = Spawn monster count
 E = Non-spawn monster count
 F = Spawn count percentage of total count
 G = Total turns spent on level
                    A         B        C        D         E        F      G
               +---------+---------+-------+---------+---------+-------+---------
         Total |       0 |    1950 |   0.0 |       0 |      85 |   0.0 |  5875
               +---------+---------+-------+---------+---------+-------+---------
           D:1 |       0 |      33 |   0.0 |       0 |       9 |   0.0 |   778
           D:2 |       0 |      24 |   0.0 |       0 |      15 |   0.0 |   650
           D:3 |       0 |      36 |   0.0 |       0 |       6 |   0.0 |   481
           D:4 |       0 |     259 |   0.0 |       0 |      13 |   0.0 |  1008
           D:5 |       0 |     540 |   0.0 |       0 |      20 |   0.0 |  1418
           D:6 |       0 |     815 |   0.0 |       0 |      15 |   0.0 |  1180
           D:7 |       0 |     156 |   0.0 |       0 |       4 |   0.0 |    68
           D:9 |       0 |      77 |   0.0 |       0 |       2 |   0.0 |    43
          D:10 |       0 |      10 |   0.0 |       0 |       1 |   0.0 |   249
               +---------+---------+-------+---------+---------+-------+---------
